AoeStats
← isnaldojr

Black Forest

508047696Analyzed
2v2 RM · 12d ago on Sep 20, 2026· 62m 53s· 4 players
Game mode
Random Map
Map size
Medium (4 player)
Population
200
Speed
Normal
Resources
Standard
Victory
Conquest
Starting age
Dark Age
Ending age
Imperial Age
RankedLock teamsTeams togetherTeam positionsShared explorationLock speedFull tech treeHidden civsTurbo modeCheats
Victory
Defeat
🇹🇷 Persians · Türkiye
1098
+15
🇹🇷 Mongols · Türkiye
1063
+17
🇧🇷 Lithuanians · Brazil
1095
-17
🇺🇸 Romans · United States
1059
-15
SkySlay3r
0:27 Loom
15:01 Feudal Age
16:20 Wheelbarrow
15:26 Horse Collar
19:05 Double-Bit Axe
22:23 Castle Age
21:13 Stone Mining
21:16 Gold Mining
23:38 Hand Cart
23:25 Heavy Plow
23:36 Bow Saw
23:29 Caravan
27:46 Devotion
29:32 Pikeman
30:12 Squires
29:58 Arson
32:52 Imperial Age
31:35 Gold Shaft Mining
33:02 Forging
32:52 Scale Mail Armor
32:59 Scale Barding Armor
33:18 Halberdier
36:00 Iron Casting
35:40 Chain Mail Armor
37:29 Crop Rotation
38:59 Stone Shaft Mining
39:06 Conscription
42:00 Chemistry
41:20 Ballistics
42:01 Blast Furnace
41:32 Plate Mail Armor
42:09 Two-Man Saw
44:39 Plate Mail Armor
44:40 Guard Tower
44:45 Murder Holes
45:21 Chain Barding Armor
46:14 Masonry
47:39 Plate Barding Armor
46:55 Fletching
47:05 Padded Archer Armor
49:19 Coinage
50:11 Town Watch
53:12 Faith
54:53 Citadels
54:45 Kamandaran
54:08 Elite War Elephant
55:24 Hoardings
57:10 Crossbowman
57:56 Thumb Ring
57:12 Elite Skirmisher
57:49 Bodkin Arrow
58:09 Leather Archer Armor
58:09 Guilds
58:29 Banking
61:24 Capped Ram
SUBUTAI BAHADIR
1:03 Loom
13:42 Feudal Age
18:29 Castle Age
16:55 Double-Bit Axe
16:56 Horse Collar
17:34 Stone Mining
19:56 Wheelbarrow
20:10 Bow Saw
20:02 Heavy Plow
24:47 Hand Cart
24:19 Town Watch
25:20 Fortified Wall
25:21 Masonry
27:15 Gold Mining
28:01 Stone Shaft Mining
31:05 Imperial Age
28:40 Town Patrol
29:39 Gold Shaft Mining
30:54 Fletching
31:26 Ballistics
31:09 Caravan
32:02 Bodkin Arrow
32:15 Siege Engineers
35:04 Bracer
36:07 Chemistry
35:39 Padded Archer Armor
36:03 Onager
37:38 Leather Archer Armor
37:12 Onager
38:15 Drill
38:41 Parthian Tactics
38:53 Nomads
38:59 Husbandry
39:09 Bloodlines
39:28 Thumb Ring
40:18 Siege Onager
41:31 Coinage
43:03 Scale Barding Armor
43:08 Forging
42:20 Light Cavalry
43:23 Conscription
42:52 Elite Mangudai
44:38 Hoardings
44:01 Hussar
44:15 Elite Steppe Lancer
45:13 Heavy Camel Rider
46:34 Chain Barding Armor
46:49 Iron Casting
46:46 Cavalier
47:27 Scale Mail Armor
46:55 Pikeman
47:35 Squires
47:21 Arson
47:33 Murder Holes
56:41 Blast Furnace
55:57 Chain Mail Armor
55:04 Man-at-Arms
56:54 Elite Skirmisher
56:54 Heavy Cavalry Archer
56:54 Crossbowman
57:37 Devotion
57:57 Heresy
57:48 Fervor
57:33 Herbal Medicine
57:39 Atonement
58:10 Banking
57:05 Long Swordsman
57:37 Guard Tower
61:28 Heavy Scorpion
61:28 Capped Ram
62:40 Plate Mail Armor
61:31 Two-Handed Swordsman
62:23 Clinker Construction
62:21 Siphons
62:36 Shipwright
62:27 Careening
connlind
0:35 Loom
13:08 Feudal Age
18:17 Castle Age
18:07 Horse Collar
18:21 Double-Bit Axe
23:10 Bow Saw
27:38 Wheelbarrow
26:48 Town Watch
29:43 Hand Cart
30:26 Pikeman
31:19 Squires
31:24 Scale Mail Armor
36:12 Imperial Age
35:11 Chain Mail Armor
35:07 Forging
35:21 Ballistics
35:12 Fortified Wall
35:26 Fletching
35:51 Murder Holes
37:53 Town Watch
38:43 Conscription
38:37 Masonry
38:39 Heavy Plow
39:26 Town Patrol
40:06 Iron Casting
39:51 Gold Mining
40:48 Coinage
40:28 Guilds
40:28 Ballistas
40:47 Heavy Scorpion
42:31 Chemistry
42:41 Gold Shaft Mining
42:53 Crop Rotation
43:28 Blast Furnace
41:51 Halberdier
42:44 Siege Engineers
42:07 Man-at-Arms
43:40 Architecture
43:19 Bodkin Arrow
44:07 Stone Mining
44:29 Capped Ram
44:31 Long Swordsman
46:01 Siege Ram
48:02 Banking
47:05 Onager
47:08 Legionary
48:11 Comitatenses
49:10 Caravan
51:48 Light Cavalry
52:39 Bloodlines
52:29 Husbandry
55:56 Cavalier
56:47 Scale Barding Armor
56:43 Padded Archer Armor
59:15 Chain Barding Armor
60:51 Plate Barding Armor
isnaldojr
7:30 Loom
11:20 Feudal Age
12:36 Double-Bit Axe
13:22 Horse Collar
18:20 Castle Age
17:51 Gold Mining
23:03 Wheelbarrow
26:30 Bow Saw
26:23 Heavy Plow
27:05 Bloodlines
27:26 Husbandry
28:39 Scale Barding Armor
33:13 Imperial Age
32:20 Chain Barding Armor
32:11 Forging
34:14 Light Cavalry
35:35 Plate Barding Armor
35:36 Iron Casting
34:52 Elite Leitis
35:53 Conscription
35:52 Winged Hussar
40:59 Chemistry
Connection lost

Rejoining the realm…

Still unreachable

The connection could not be restored.

Session expired

The server has moved on; the page needs a fresh start.